 Dungeon Crawl Stone Soup version 0.28-a0-793-g31680bbd8b (webtiles) character file.

Game seed: 8301425453594948172

55 cheechan the Poker (level 3, -2/21 HPs)
             Began as a Tengu Gladiator on Nov 4, 2021.
             Slain by an orc wizard (4 damage)
             ... on level 2 of the Dungeon.
             The game lasted 00:03:16 (804 turns).

cheechan the Poker (Tengu Gladiator)                 Turns: 804, Time: 00:03:17

Health: -2/21      AC:  4    Str: 15    XL:     3   Next: 93%
Magic:  4/4        EV: 13    Int:  8    God:
Gold:   31         SH:  0    Dex: 15    Spells: 2/2 levels left

rFire   . . .      SeeInvis .   a - +0 trident
rCold   . . .      Faith    .   (no shield)
rNeg    . . .      Spirit   .   g - +2 robe {Will+}
rPois   .          Reflect  .   c - +0 hat
rElec   .          Harm     .   (no cloak)
rCorr   .          Rampage  .   (no gloves)
Will    +....                   (boots unavailable)
Stlth   ++........              (no amulet)
HPRegen 0.07/turn               (no ring)
MPRegen 0.09/turn               (no ring)

@: no status effects
A: beak, talons 3
a: no special abilities


You were on level 2 of the Dungeon.
You visited 1 branch of the dungeon, and saw 2 of its levels.

You collected 31 gold pieces.

Inventory:

Hand Weapons
 a - a +0 trident (weapon)
Missiles
 d - 3 throwing nets (quivered)
 e - 23 bolts
Armour
 b - a +0 leather armour
 c - a +0 hat (worn)
 g - a +2 robe of willpower (worn)
Potions
 f - a potion of curing {unknown}


   Skills:
 + Level 2.1 Fighting
 + Level 4.0 Polearms
 + Level 2.2 Throwing
 + Level 0.9 Armour
 + Level 4.0 Dodging
 + Level 0.4 Stealth


You had 2 spell levels left.
You didn't know any spells.
Your spell library was empty.

Dungeon Overview and Level Annotations

Branches:
Dungeon (2/15)

Altars:


Innate Abilities, Weirdness & Mutations

You have a beak for a mouth.
You have claws for feet.


Message History

Press: ? - help, Dir - move target, f/p - orc
Aim: an orc, wielding a +0 hand axe (severely wounded, about 40% to evade your +0 trident)
You reach to attack!
You hit the orc.
The orc is almost dead.
The orc hits you but does no damage.
You hit the orc. Your peck misses the orc.
The orc is severely wounded.
The orc priest calls upon Beogh to heal the orc.
The orc's wounds heal themselves!
Reach: a) +0 trident
Press: ? - help, Dir - move target, f/p - orc
Aim: an orc, wielding a +0 hand axe (about 40% to evade your +0 trident)
Something you can't see is in the way.
You barely miss something. Your peck misses something.
Unknown command.
Reach: a) +0 trident
Press: ? - help, Dir - move target, f/p - orc
Aim: an orc, wielding a +0 hand axe (about 40% to evade your +0 trident)
Something you can't see is in the way.
You miss something. You claw something.
The orc priest calls upon Beogh to heal the orc.
The orc's wounds heal themselves!
Unknown command.
Reach: a) +0 trident
Press: ? - help, Dir - move target, f/p - orc
Aim: an orc, wielding a +0 hand axe (about 40% to evade your +0 trident)
You reach to attack!
You barely miss the orc. Something hits you.
The orc priest calls down the wrath of Beogh upon you.
Beogh smites you!
* * * LOW HITPOINT WARNING * * *
Okay, then.
You barely miss the orc. Something hits you but does no damage.
The orc hits you with a +0 hand axe.
* * * LOW HITPOINT WARNING * * *
You puncture the orc!
You kill the orc!
Something hits you.
* * * LOW HITPOINT WARNING * * *
The orc priest looks encouraged for a moment.
You completely miss something. You claw something. Something hits you.
You die...

#..#..........##
#.......#..#.........##
#.#...#.#..#.......).#
#.......#..##........#
#....o..#............#
#.......#.#.............
#.#...#.#.##.............
.#.....o.#{##..........#...
.......woo@##..............
####.....#####...........#.
......##..# ... #.###. .#.#
# # #. .. ## .w# #.. ..#


You could see a worm, an orc priest and 2 orcs.

Vanquished Creatures
  Jessica (D:2)
  2 dart slugs (D:1)
  An orc (D:2)
  A ball python (D:2)
  An endoplasm (D:2)
  2 giant cockroaches
  4 hobgoblins (D:1)
  4 bats (D:1)
  3 kobolds (D:1)
  6 rats
25 creatures vanquished.

Notes
Turn   | Place    | Note
-------+----------+-------------------------------------------
     0 | D:1      | cheechan the Tengu Gladiator began the quest for the Orb.
     0 | D:1      | Reached XP level 1. HP: 12/12 MP: 2/2
   329 | D:1      | Reached XP level 2. HP: 7/17 MP: 3/3
   579 | D:2      | Reached XP level 3. HP: 8/21 MP: 4/4
   587 | D:2      | Noticed Jessica
   600 | D:2      | Killed Jessica
   804 | D:2      | Slain by an orc wizard

Illustrated notes

Levels and vault maps discovered:
D:1:      lemuel_arrival_lava_pool, layout_basic
D:2:      cheibrodos_pilgrimage, layout_rooms, basic_altar, minmay_pentomino_v2,
          uniq_robin, uniq_terence, uniq_jessica

Skill      XL: |  1  2  3 |
---------------+----------+-----
Polearms       | 4 |  4.0
Dodging        | 4 |  4.0
Fighting       | |  2.1
Throwing       | |  2.2
Armour         | |  0.9
Stealth        | |  0.4

Action                   || total
-------------------------++-------
Melee: Trident           ||    55
       Kick              ||    12
       Peck              ||     6
  Use: Scroll            ||     3
 Stab: Sleeping          ||     1
Armor: Leather armour    ||     7
       Robe              ||     2
Dodge: Dodged            ||    24

Table legend: (Time is in decaauts)
 A = Elapsed time spent in this place.
 B = Non-inter-level travel time spent in this place.
 C = Inter-level travel time spent in this place.
 D = Time resting spent in this place.
 E = Time spent auto-exploring this place.
 F = Levels seen in this place.
 G = Mean time per level.
                   A        B        C        D        E       F      G
               +--------+--------+--------+--------+--------+-----+--------+
         Total |    810 |    810 |      0 |    142 |      0 |   2 |  405.0 |
       Dungeon |    810 |    810 |      0 |    142 |      0 |   2 |  405.0 |
               +--------+--------+--------+--------+--------+-----+--------+

Top non-repeatable levels by time:
     D:1: 576 daAuts
     D:2: 233 daAuts
